 Dungeon Crawl Stone Soup version 0.26-a0-672-g1df16c3386 (webtiles) character file.

Game seed: 13393348707740337684

1507 strifetoe the Conjurer (level 8, -1/67 HPs)
             Began as a Palentonga Hedge Wizard on Oct 20, 2020.
             Was an Initiate of Okawaru.
             Slain by a gnoll
             ... wielding a +0 halberd
              (6 damage)
             ... on level 7 of the Dungeon.
             The game lasted 00:14:42 (8593 turns).

strifetoe the Conjurer (Palentonga Hedge Wizard)    Turns: 8593, Time: 00:14:43

Health: -1/67      AC:  4    Str: 16    XL:     8   Next: 52%
Magic:  12/12      EV: 14    Int: 15    God:    Okawaru [......]
Gold:   417        SH:  0    Dex:  9    Spells: 2/13 levels left

rFire    . . .     SeeInvis +   l - +2 mace (drain)
rCold    . . .     Faith    .   (no shield)
rNeg     + . .     Spirit   .   b - +0 robe
rPois    .         Reflect  .   c - +0 hat
rElec    .         Harm     .   (no cloak)
rCorr    .         Rampage  .   (no gloves)
MR       .....                  (no barding)
Stlth    +.........             g - amulet of regeneration
HPRegen  0.61/turn              w - ring of positive energy
MPRegen  0.13/turn              e - +4 ring of evasion

@: lethally poisoned (-1 -> -4)
A: large, rugged brown scales 3, see invisible, deformed body, roll, armoured
tail
a: Rolling Charge, Renounce Religion


You were on level 7 of the Dungeon.
You worshipped Okawaru.
Okawaru was noncommittal.
You visited 2 branches of the dungeon, and saw 8 of its levels.

You collected 417 gold pieces.

Inventory:

Hand Weapons
 f - a +0 short sword
 i - a +0 spear
 l - a +2 mace of draining (weapon)
Armour
 b - a +0 robe (worn)
 c - a +0 hat (worn)
Jewellery
 e - a +4 ring of evasion (right hand)
 g - an amulet of regeneration (around neck)
 w - a ring of positive energy (left hand)
Wands
 q - a wand of iceblast (3)
Scrolls
 d - 10 scrolls of identify
 h - a scroll of enchant armour {unknown}
 j - 6 scrolls of teleportation
 m - a scroll of brand weapon {unknown}
 n - a scroll of remove curse
 o - a scroll of amnesia {unknown}
 p - 2 scrolls of fear {unknown}
Potions
 a - 2 potions of brilliance
 k - 3 potions of curing
 r - 2 potions of heal wounds
 s - a potion of haste
 t - 2 potions of might {unknown}
 u - a potion of mutation {unknown}
 v - a potion of berserk rage {unknown}


   Skills:
 - Level 3.2 Fighting
 + Level 3.1 Maces & Flails
 + Level 1.2 Armour
 - Level 1.5 Dodging
 - Level 1.2 Stealth
 - Level 3.0 Spellcasting
 - Level 5.5 Conjurations
 - Level 2.2 Summonings
 - Level 1.0 Translocations
 - Level 2.0 Fire Magic
 - Level 3.1 Air Magic
 - Level 3.1 Poison Magic


You had 2 spell levels left.
You knew the following spells:

 Your Spells              Type           Power        Failure   Level
a - Magic Dart            Conj           ###.         1%          1
b - Call Imp              Summ           #.......     12%         2
c - Mephitic Cloud        Conj/Pois/Air  ##......     12%         3
d - Conjure Flame         Conj/Fire      ##......     13%         3
e - Blink                 Tloc           N/A          21%         2

Your spell library contained the following spells:

 Spells                   Type           Power        Failure   Level
 Foxfire                  Conj/Fire      ##..         4%          1
 Apportation              Tloc           #.....       13%         1
 Slow                     Hex            #.......     30%         2
 Gell's Gravitas          Tloc           #.........   36%         3
 Inner Flame              Hex/Fire       #.......     36%         3
 Lesser Beckoning         Tloc           #.........   36%         3
 Sticky Flame             Conj/Fire      ##......     38%         4
 Confusing Touch          Hex            #.......     52%         3
 Tukima's Dance           Hex            #.......     52%         3
 Fireball                 Conj/Fire      ##........   75%         5
 Petrify                  Tmut/Erth      #.......     89%         4
 Alistair's Intoxication  Tmut/Pois      #........    96%         5
 Metabolic Englaciation   Hex/Ice        #.........   99%         5
 Yara's Violent Unravell  Hex/Tmut       #.........   99%         5
 Invisibility             Hex            #.......     100%        6


Dungeon Overview and Level Annotations

Branches:
Dungeon (7/15)             Temple (1/1) D:5

Altars:
Ashenzari
Cheibriados
Dithmenos
Elyvilon
Fedhas
Gozag
Hepliaklqana
Okawaru
Qazlal
Ru
Sif Muna
Uskayaw
Wu Jian
Xom
Yredelemnul
Zin
The Shining One

Shops:
D:6 (

Annotations:
D:5 exclusion: downstairs


Innate Abilities, Weirdness & Mutations

You are completely covered in rugged brown scales. (AC +3, +7% HP)
You have supernaturally acute eyesight. (SInv)
Armour fits poorly on your strangely shaped body.
You can roll at foes to attack.
You have a long armoured tail.


Message History

You rip the net and break free!
You feel sick. The killer bee closely misses you. x2
The killer bee stings you but does no damage.
The killer bee closely misses you. The killer bee misses you.
The killer bee stings you.
The killer bee stings you but does no damage.
The gnoll barely misses you. The killer bee stings you.
You feel sick. The killer bee barely misses you. The killer bee stings you.
The killer bee stings you! The killer bee stings you.
* * * LOW HITPOINT WARNING * * *
The killer bee barely misses you.
The gnoll hits you from afar with a +0 spear.
* * * LOW HITPOINT WARNING * * *
The gnoll misses you. The killer bee stings you.
* * * LOW HITPOINT WARNING * * *
You are more poisoned.
The killer bee poisons you! The killer bee stings you.
* * * LOW HITPOINT WARNING * * *
The gnoll hits you from afar with a +0 halberd.
You die...

###.##.#...#
.....y.(....#
#########...# #
#...# .#
#(..##.####
#####.[g.......
#
#...gg.Sg..####
....###y#y####
.......y@y#
###########


You could see 4 killer bees, 4 gnolls and an adder.

Vanquished Creatures
  Grinder (D:3)
  Duvessa (D:4)
  An orc warrior (D:6)
  A black bear (D:5)
  2 ogres
  2 bullfrogs
  Dowan (D:4)
  A centaur zombie (D:6)
  A howler monkey (D:5)
  A bullfrog skeleton (D:5)
  5 hounds
  4 iguanas
  Jessica (D:2)
  An orc wizard (D:6)
  A hound zombie (D:6)
  3 hound skeletons
  4 gnolls (D:3)
  4 adders
  A shadow imp (D:6)
  2 white imps (D:6)
  An ufetubus (D:5)
  An ooze (D:2)
  An adder skeleton (D:4)
  3 worms
  2 dart slugs
  3 leopard geckos
  2 orcs (D:6)
  2 ball pythons
  4 bats
  4 giant cockroaches
  15 goblins
  7 hobgoblins
  3 jackals (D:4)
  4 kobolds
  2 quokkas
  5 frilled lizards
  A jackal skeleton (D:4)
  A leopard gecko skeleton (D:6)
  6 rats
105 creatures vanquished.

Vanquished Creatures (collateral kills)
  Robin (D:2)
  A rat (D:2)
2 creatures vanquished.

Grand Total: 107 creatures vanquished

Notes
Turn   | Place    | Note
-------+----------+-------------------------------------------
     0 | D:1      | strifetoe the Palentonga Hedge Wizard began the quest for
                  | the Orb.
     0 | D:1      | Reached XP level 1. HP: 14/14 MP: 4/4
    45 | D:1      | Reached skill level 1 in Conjurations
   463 | D:1      | Reached XP level 2. HP: 18/21 MP: 6/6
   483 | D:1      | Reached skill level 2 in Conjurations
   736 | D:1      | Learned a level 2 spell: Call Imp
  1079 | D:1      | Reached skill level 1 in Summonings
  1167 | D:2      | Noticed Jessica
  1173 | D:2      | Killed Jessica
  1173 | D:2      | Reached XP level 3. HP: 26/27 MP: 7/7
  1288 | D:2      | Noticed Robin
  1337 | D:2      | Reached XP level 4. HP: 10/35 MP: 6/8
  1876 | D:2      | Killed Robin
  1876 | D:2      | Reached skill level 3 in Conjurations
  2274 | D:2      | Found a basalt altar of Yredelemnul.
  2782 | D:3      | Noticed Grinder
  2808 | D:3      | Paralysed by Grinder for 2 turns
  2816 | D:3      | HP: 1/35 [Grinder/nerve-wracking pain (5)]
  2840 | D:3      | Paralysed by Grinder for 2 turns
  2846 | D:3      | Killed Grinder
  2846 | D:3      | Reached skill level 5 in Conjurations
  2846 | D:3      | Reached XP level 5. HP: 30/40 MP: 1/9
  2846 | D:3      | Reached XP level 6. HP: 36/48 MP: 1/10
  4126 | D:3      | Found a shimmering blue altar of Sif Muna.
  4395 | D:4      | Found a stormy altar of Qazlal.
  4414 | D:4      | Learned a level 3 spell: Mephitic Cloud
  4670 | D:4      | Noticed Dowan
  4671 | D:4      | Noticed Duvessa
  4675 | D:4      | Killed Dowan
  4675 | D:4      | Reached skill level 1 in Poison Magic
  4679 | D:4      | Killed Duvessa
  4679 | D:4      | Reached XP level 7. HP: 36/53 MP: 9/11
  4891 | D:4      | Found a snail-covered altar of Cheibriados.
  5812 | D:4      | Learned a level 3 spell: Conjure Flame
  5867 | D:5      | Entered Level 5 of the Dungeon
  5881 | D:5      | Reached skill level 1 in Air Magic
  5954 | D:5      | Found a sacrificial altar of Ru.
  6286 | D:5      | Found a staircase to the Ecumenical Temple.
  6318 | Temple   | Entered the Ecumenical Temple
  6686 | Temple   | Became a worshipper of Warmaster Okawaru
  7295 | D:6      | Found Oxeshiud's Weapon Shop.
  7332 | D:5      | Reached skill level 1 in Fighting
  7520 | D:5      | Reached XP level 8. HP: 65/66 MP: 12/12
  7666 | D:6      | Reached skill level 1 in Maces & Flails
  7673 | D:6      | Reached skill level 1 in Fire Magic
  7864 | D:6      | Learned a level 2 spell: Blink
  8032 | D:6      | Found a glowing golden altar of the Shining One.
  8185 | D:6      | Reached skill level 1 in Armour
  8404 | D:6      | Found a glowing silver altar of Zin.
  8405 | D:6      | Noticed an angel
  8593 | D:7      | Slain by a gnoll

Illustrated notes

Levels and vault maps discovered:
D:1:      lemuel_arrival_funnel, layout_basic, corexii_hall_statues_l
D:2:      layout_loops_ring, marbit_many_paths, uniq_jessica, uniq_robin
D:3:      mumra_celtic_spiral_tile, layout_basic, led_sif_pool, uniq_grinder
D:4:      layout_loops_corners, nicolae_overflow_hidden_temple,
          cheibriados_altar_1, uniq_duvessa
D:5:      layout_basic, nicolae_ru_path_of_blood,
          minmay_temple_entry_statues_pillars, kennysheep_small_spiral
D:6:      layout_cave_pools, zin_angel, serial_shops, nicolae_shop_stone,
          minmay_ruined_shrine
D:7:      layout_loops_ring
Temple:   minmay_temple_forest_path

Skill      XL: |  1  2  3  4  5  6  7  8 |
---------------+-------------------------+-----
Conjurations   | 1 2 5 |  5.5
Summonings     | 2 |  2.2
Poison Magic   | 2 3 |  3.1
Air Magic      | 3 |  3.1
Fighting       | 2 3 |  3.2
Maces & Flails | 3 |  3.1
Fire Magic     | 2 |  2.0
Armour         | 1 |  1.2
Dodging        | |  1.5
Stealth        | |  1.2
Spellcasting   | |  3.0
Translocations | |  1.0

Action                   |  1- 3 |  4- 6 |  7- 9 || total
-------------------------+-------+-------+-------++-------
Melee: Dagger            |    78 |       |       ||    78
       Tailslap          |     7 |    11 |    29 ||    47
       Short sword       |    31 |    55 |    58 ||   144
       Mace              |       |       |   124 ||   124
 Cast: Magic Dart        |    10 |    74 |     9 ||    93
       Call Imp          |       |     5 |       ||     5
       Mephitic Cloud    |       |       |    13 ||    13
Evoke: Wand              |       |     4 |     1 ||     5
  Use: Potion            |       |     4 |     2 ||     6
       Scroll            |       |       |     6 ||     6
 Stab: Sleeping          |     2 |     1 |     2 ||     5
       Confused          |       |       |     1 ||     1
Armor: Robe              |    44 |    11 |    54 ||   109
       Skin              |       |     9 |       ||     9
Dodge: Dodged            |    79 |    28 |   185 ||   292

Table legend: (Time is in decaauts)
 A = Elapsed time spent in this place.
 B = Non-inter-level travel time spent in this place.
 C = Inter-level travel time spent in this place.
 D = Time resting spent in this place.
 E = Time spent auto-exploring this place.
 F = Levels seen in this place.
 G = Mean time per level.
                   A        B        C        D        E       F      G
               +--------+--------+--------+--------+--------+-----+--------+
         Total |   8653 |   8358 |    295 |   2182 |   4956 |   8 | 1081.6 |
       Dungeon |   8258 |   8028 |    230 |   2182 |   4628 |   7 | 1179.7 |
        Temple |    394 |    329 |     65 |      0 |    328 |   1 |  394.0 |
               +--------+--------+--------+--------+--------+-----+--------+

Top non-repeatable levels by time:
     D:3: 1849 daAuts
     D:4: 1694 daAuts
     D:5: 1369 daAuts
     D:2: 1194 daAuts
     D:1: 1150 daAuts
     D:6: 975 daAuts
  Temple: 394 daAuts
     D:7: 25 daAuts
